 Dungeon Crawl Stone Soup version 0.20-b1 (webtiles) character file.

70 CanadianGator the Ogre Mage (level 4, -2/39 HPs)
             Began as an Ogre Earth Elementalist on May 26, 2017.
             Slain by edsrzf's ghost (7 damage)
             ... on level 3 of the Dungeon.
             The game lasted 00:07:27 (1639 turns).

CanadianGator the Ogre Mage (OgEE)                  Turns: 1639, Time: 00:07:28

Health: -2/39      AC:  3    Str: 17    XL:     4   Next: 22%
Magic:  2/9        EV: 10    Int: 16    God:
Gold:   94         SH:  0    Dex: 10    Spells: 6/10 levels left

rFire    . . .     SeeInvis .   a - +0 mace
rCold    . . .     Gourm    .   (no shield)
rNeg     . . .     Faith    .   c - +0 robe
rPois    .         Spirit   .   (helmet restricted)
rElec    .         Reflect  .   (no cloak)
rCorr    .         Harm     .   (gloves unavailable)
MR       .....                  (boots unavailable)
Stlth    ++........             (no amulet)
Regen    0.2/turn               (no ring)
MPRegen  0.2/turn               (no ring)

@: mighty
A: unfitting armour, tough skin 1
a: no special abilities


You were on level 3 of the Dungeon.
You were not hungry.

You visited 1 branch of the dungeon, and saw 3 of its levels.

You collected 94 gold pieces.

Inventory:

Hand Weapons
 a - a +0 mace (weapon)
 j - a +0 whip
Missiles
 b - 42 stones (quivered)
Armour
 c - a +0 robe (worn)
Scrolls
 g - a scroll of enchant armour {unknown}
 i - 3 scrolls of identify {unknown}
 k - a scroll of remove curse {unknown}
 m - a scroll of magic mapping {unknown}
Books
 e - a book of Geomancy

   Spells                             Type                      Level
   a - Sandblast                      Earth                        1
   b - Passwall                       Transmutation/Earth          2
   c - Stone Arrow                    Conjuration/Earth            3
   d - Petrify                        Transmutation/Earth          4
   e - Lee's Rapid Deconstruction     Earth                        5
Comestibles
 d - 2 bread rations
 f - a meat ration
 h - 3 fruits
 l - a royal jelly
 o - 3 chunks of flesh


   Skills:
 - Level 1.7 Dodging
 - Level 1.4 Stealth
 + Level 3.8 Spellcasting
   Level 0.8 Transmutations
 + Level 3.6 Earth Magic


You had 6 spell levels left.
You knew the following spells:

 Your Spells              Type           Power        Failure   Level  Hunger
a - Sandblast             Erth           ##....       3%          1    None
b - Stone Arrow           Conj/Erth      #.....       24%         3    ###....


Dungeon Overview and Level Annotations

Branches:
Dungeon (3/15)

Altars:
Fedhas
Nemelex Xobeh

Annotations:
D:3 edsrzf's ghost, amateur HOSu


Innate Abilities, Weirdness & Mutations

You are too large for most types of armour.
You have tough skin. (AC +1)


Message History

Edsrzf's ghost hits you but does no damage.
You miss edsrzf's ghost.
Edsrzf's ghost is moderately damaged.
Edsrzf's ghost hits you!
* * * LOW HITPOINT WARNING * * *
The rat bites you.
* * * LOW HITPOINT WARNING * * *
You barely miss edsrzf's ghost.
Edsrzf's ghost is moderately damaged.
Edsrzf's ghost hits you but does no damage.
The rat closely misses you.
Edsrzf's ghost mumbles some strange words.
You sock edsrzf's ghost!
Edsrzf's ghost is heavily damaged.
The rat misses you. Edsrzf's ghost closely misses you.
The rat closely misses you.
You hit edsrzf's ghost.
Edsrzf's ghost is severely damaged.
Edsrzf's ghost hits you!
You die...

### .. .... ##.#
.#... ..... .
.....#####..... ..
.!.......)..... ..
............... ..#.
######r5.)....
#....##.br@W5##.....
#......##### ##.
....###<.#
...............
######.#.######
#.#.# #.#.. ..##..
## #.


You could see an iron imp, edsrzf's ghost, a white imp, a quokka, a bat and a
rat.

Vanquished Creatures
  An adder (D:2)
  2 worms (D:2)
  A dart slug (D:2)
  A leopard gecko (D:2)
  4 orcs (D:3)
  A giant cockroach (D:2)
  8 hobgoblins
  A ball python (D:1)
  9 bats
  6 frilled lizards
  5 goblins
  2 kobolds
  5 rats
46 creatures vanquished.

Notes
Turn   | Place    | Note
-------+----------+-------------------------------------------
     0 | D:1      | CanadianGator the Ogre Earth Elementalist began the quest for the Orb.
     0 | D:1      | Reached XP level 1. HP: 16/16 MP: 3/3
   185 | D:1      | Reached XP level 2. HP: 24/24 MP: 2/5
   616 | D:2      | Reached XP level 3. HP: 31/31 MP: 4/7
   684 | D:2      | Learned a level 3 spell: Stone Arrow
  1177 | D:2      | Reached XP level 4. HP: 39/39 MP: 7/9
  1187 | D:2      | Found a blossoming altar of Fedhas.
  1351 | D:2      | Found a sparkling altar of Nemelex Xobeh.
  1620 | D:3      | Noticed edsrzf's ghost (amateur HOSu)
  1639 | D:3      | Slain by edsrzf's ghost

Skill      XL: |  1  2 |
---------------+-------+-----
Earth Magic    | 3 |  3.6
Spellcasting   | 3 |  3.8
Dodging        | |  1.7
Stealth        | |  1.4
Transmutations | |  0.8

Action                   |  1- 3 |  4- 6 || total
-------------------------+-------+-------++-------
Melee: Whip              |    20 |       ||    20
       Club              |       |    21 ||    21
       Mace              |       |     5 ||     5
 Cast: Sandblast         |    40 |    12 ||    52
       Stone Arrow       |     4 |     4 ||     8
  Use: Potion            |       |     1 ||     1
  Eat: Chunk             |     1 |     2 ||     3
Armor: Robe              |     9 |    10 ||    19
Dodge: Dodged            |    24 |    23 ||    47
